 Dungeon Crawl Stone Soup version 0.23.0 (webtiles) character file.

Game seed: 5107164915689309422

355796 Laan the Severer (level 22, -16/146 HPs)
             Began as a Gargoyle Fighter on Feb 9, 2019.
             Was the Champion of the Shining One.
             Killed from afar by a fire dragon (22 damage)
             ... with a blast of flame
             ... on level 5 of the Depths.
             The game lasted 01:33:00 (38358 turns).

Laan the Severer (Gargoyle Fighter)                Turns: 38358, Time: 01:33:01

Health: -16/146    AC: 36    Str: 39    XL:     22   Next: 33%
Magic:  24/24      EV: 12    Int:  8    God:    the Shining One [******]
Gold:   1462       SH: 22    Dex:  9    Spells: 21/21 levels left

rFire    + . .     SeeInvis +   a - +4 broad axe (holy)
rCold    + + .     Gourm    .   i - +3 shield {AC+3}
rNeg     + + +     Faith    .   X - +10 chain mail "Jiul" {rC++ Regen+ MP-9 SInv}
rPois    ∞         Spirit   .   o - +1 hat of the Vacuum {Str+8 Stlth+}
rElec    +         Reflect  +   c - scarf {repulsion}
rCorr    .         Harm     .   n - +2 pair of gloves
MR       +....                  q - +2 pair of boots of Puaw {rF+}
Stlth    ..........             C - +3 amulet of reflection
HPRegen  0.74/turn              M - +3 ring of evasion
MPRegen  0.19/turn              A - +3 ring of slaying

@: about to teleport, corroded, flying, very slightly contaminated, glowing,
studying Maces & Flails, repel missiles
A: big wings, negative energy resistance 1, electricity resistance, unbreathing,
petrification resistance, rot immunity, AC +16
}: 2/15 runes: barnacled, gossamer
a: Stop Flying, Divine Shield, Cleansing Flame, Summon Divine Warrior, Renounce
Religion


You were on level 5 of the Depths.
You worshipped the Shining One.
The Shining One was exalted by your worship.
You were not hungry.

You visited 7 branches of the dungeon, and saw 37 of its levels.
You visited the Abyss 2 times.
You also visited: Gauntlet and Ice Cave.

You collected 4267 gold pieces.
You spent 2805 gold pieces at shops.

Inventory:

Hand Weapons
 a - a +4 broad axe of holy wrath (weapon)
 b - a +4 broad axe of flaming
Missiles
 l - 59 javelins (quivered)
Armour
 c - a scarf of repulsion (worn)
 i - a +3 shield of protection (worn)
 n - a +2 pair of gloves (worn)
 o - the +1 hat of the Vacuum (worn) {Str+8 Stlth+}
   (You found it on level 4 of the Spider Nest)

   It affects your strength (+8).
   It makes you more stealthy.
 q - the +2 pair of boots of Puaw (worn) {rF+}
   (You bought it in a shop on level 5 of the Depths)

   It protects you from fire.
 W - the +0 cloak of the Unbroken {Slay+4}
   (You bought it in a shop on level 5 of the Depths)

   It affects your accuracy and damage with ranged weapons and melee attacks
   (+4).
 X - the +10 chain mail "Jiul" (worn) {rC++ Regen+ MP-9 SInv}
   (You bought it in a shop on level 2 of the Orcish Mines)

   It greatly protects you from cold.
   It affects your magic capacity (-9).
   It lets you see invisible.
   It increases your rate of regeneration.
Jewellery
 j - an uncursed ring of protection from magic
 k - an uncursed ring of resist corrosion
 m - a +2 ring of intelligence
 r - a +4 ring of protection
 A - a +3 ring of slaying (right hand)
 C - a +3 amulet of reflection (around neck)
 K - an uncursed ring of protection from cold
 M - a +3 ring of evasion (left hand)
 R - a +5 ring of strength
 U - an uncursed amulet of regeneration
Wands
 t - a wand of iceblast (45)
 u - a wand of enslavement (10)
 H - a wand of acid (35)
 L - a wand of paralysis (12)
 N - a wand of disintegration (72)
Scrolls
 d - 5 scrolls of amnesia
 e - 9 scrolls of magic mapping
 p - 16 scrolls of remove curse
 s - 3 scrolls of fog
 y - 7 scrolls of teleportation
 E - a scroll of brand weapon
 F - 3 scrolls of immolation
 I - 4 scrolls of enchant armour
 J - a scroll of identify
 O - 2 scrolls of fear
Potions
 h - a potion of haste
 v - 3 potions of mutation
 w - 7 potions of brilliance
 z - 8 potions of ambrosia
 B - 5 potions of magic
 D - 4 potions of agility
 Q - 3 potions of cancellation {unknown}
 T - 5 potions of lignification
Books
 V - a manual of Maces & Flails
Comestibles
 f - 51 rations


   Skills:
 + Level 17.7 Fighting
 * Level 20.3 Axes
 + Level 17.7 Armour
 + Level 17.6 Shields
 + Level 15.5 Invocations


You had 21 spell levels left.
You didn't know any spells.
Your spell library contained the following spells:

 Spells                   Type           Power        Failure   Level  Hunger
 Apportation              Tloc           #.....       69%         1    ##.....
 Beastly Appendage        Tmut           #.....       69%         1    ##.....
 Confusing Touch          Hex            #.....       69%         1    ##.....
 Corona                   Hex            #......      69%         1    ##.....
 Freeze                   Ice            #...         69%         1    ##.....
 Magic Dart               Conj           #...         69%         1    ##.....
 Sandblast                Erth           #.....       69%         1    ##.....
 Shock                    Conj/Air       #...         69%         1    ##.....
 Summon Butterflies       Summ           #.......     69%         1    ##.....
 Blink                    Tloc           N/A          83%         2    ###....
 Call Imp                 Summ           #.......     83%         2    ###....
 Corpse Rot               Necr           N/A          83%         2    ###....
 Ensorcelled Hibernation  Hex/Ice        #.....       83%         2    ###....
 Passwall                 Tmut/Erth      #.......     83%         2    ###....
 Poisonous Vapours        Pois/Air       #.....       83%         2    ###....
 Searing Ray              Conj           #.....       83%         2    ###....
 Slow                     Hex            #.......     83%         2    ###....
 Song of Slaying          Chrm           #.......     83%         2    ###....
 Sticks to Snakes         Tmut           #.......     83%         2    ###....
 Swiftness                Chrm/Air       #.......     83%         2    ###....
 Confuse                  Hex            #.......     96%         3    ####...
 Conjure Flame            Conj/Fire      #.......     96%         3    ####...
 Dazzling Spray           Conj/Hex       #.....       96%         3    ####...
 Gell's Gravitas          Tloc           #.........   96%         3    ####...
 Lesser Beckoning         Tloc           #.........   96%         3    ####...
 Mephitic Cloud           Conj/Pois/Air  #.......     96%         3    ####...
 Ozocubu's Armour         Chrm/Ice       #.......     96%         3    ####...
 Spectral Weapon          Hex/Chrm       #.......     96%         3    ####...
 Spider Form              Tmut/Pois      #.........   96%         3    ####...
 Static Discharge         Conj/Air       #.......     96%         3    ####...
 Stone Arrow              Conj/Erth      #.....       96%         3    ####...
 Tukima's Dance           Hex            #.......     96%         3    ####...
 Vampiric Draining        Necr           #.........   96%         3    ####...
 Airstrike                Air            #.........   100%        4    #####..
 Cause Fear               Hex            #.........   100%        4    #####..
 Force Lance              Conj/Tloc      #.......     100%        4    #####..
 Fulminant Prism          Conj/Hex       #.........   100%        4    #####..
 Ice Form                 Ice/Tmut       #.......     100%        4    #####..
 Iskenderun's Mystic Bla  Conj           #.......     100%        4    #####..
 Leda's Liquefaction      Hex/Erth       #.........   100%        4    #####..
 Petrify                  Tmut/Erth      #.......     100%        4    #####..
 Agony                    Necr           #.......     100%        5    ######.
 Alistair's Intoxication  Tmut/Pois      #.......     100%        5    ######.
 Blade Hands              Tmut           #.........   100%        5    ######.
 Bolt of Draining         Conj/Necr      #.........   100%        5    ######.
 Bolt of Magma            Conj/Fire/Erth #.........   100%        5    ######.
 Borgnjor's Vile Clutch   Necr/Erth      #.........   100%        5    ######.
 Dispel Undead            Necr           #.......     100%        5    ######.
 Excruciating Wounds      Chrm/Necr      #.........   100%        5    ######.
 Lee's Rapid Deconstruct  Erth           #.........   100%        5    ######.
 Lightning Bolt           Conj/Air       #.........   100%        5    ######.
 Metabolic Englaciation   Hex/Ice        #.........   100%        5    ######.
 Silence                  Hex/Air        #.........   100%        5    ######.
 Yara's Violent Unravell  Hex/Tmut       #.........   100%        5    ######.
 Darkness                 Hex            #.........   100%        6    #######
 Deflect Missiles         Chrm/Air       #.........   100%        6    #######
 Freezing Cloud           Conj/Ice/Air   #.........   100%        6    #######
 Invisibility             Hex            #.......     100%        6    #######
 Iron Shot                Conj/Erth      #.........   100%        6    #######
 Shadow Creatures         Summ           N/A          100%        6    #######
 Malign Gateway           Summ/Tloc      #.........   100%        7    #######
 Monstrous Menagerie      Summ           #.........   100%        7    #######
 Ring of Flames           Chrm/Fire      #.........   100%        7    #######
 Summon Greater Demon     Summ           #.........   100%        7    #######
 Discord                  Hex            #.........   100%        8    #######
 Summon Horrible Things   Summ           #.........   100%        8    #######
 Shatter                  Erth           #.........   100%        9    #######
 Sublimation of Blood     Necr           Unusable     N/A         2    N/A
 Statue Form              Tmut/Erth      Unusable     N/A         6    N/A

Dungeon Overview and Level Annotations

Branches:
Dungeon (15/15)            Temple (1/1) D:5            Lair (6/6) D:9
 Shoals (4/4) Lair:3       Spider (4/4) Lair:4        Slime (0/5) Lair:6
    Orc (2/2) D:10            Elf (0/3) Orc:2        Vaults (0/5) D:13
 Depths (4/5) D:15

Altars:
Ashenzari
Cheibriados
Dithmenos
Elyvilon
Fedhas
Gozag
Hepliaklqana
Kikubaaqudgha
Makhleb
Nemelex Xobeh
Okawaru
Qazlal
Ru
Sif Muna
Trog
Uskayaw
Vehumet
Wu Jian
Xom
Yredelemnul
Zin
The Shining One
Beogh
Lugonu

Shops:
D:4 *   D:14 *[}   Orc:2 [=*(   Depths:5 [

Portals:
Hell: Lair:6 Depths:1 Depths:2 Depths:3 Depths:4
Abyss: Depths:2 Depths:4
Pandemonium: Depths:3

Annotations:
Lair:2 exclusion: oklob plant
Shoals:1 exclusion: oklob plant
Depths:4 2 runed translucent doors
Depths:5 Boris


Innate Abilities, Weirdness & Mutations

You are resistant to torment.
Your stone body is resilient. (AC +16)
You are immune to poison.
Your large and strong wings let you fly indefinitely.
You resist negative energy. (rN+)
You are resistant to electric shocks. (rElec)
You can survive without breathing.
You are immune to petrification.
You are immune to rotting.


Message History

You hear a grinding noise.
As you read the scroll of teleportation, it crumbles to dust.
You feel strangely unstable. You block the caustic shrike's attack.
The caustic shrike claws you but does no damage.
The caustic shrike closely misses you. Boris gestures at you while chanting.
The bolt of cold is repelled.
You block the caustic shrike's attack.
Boris launches a ball of destructive magic.
The purple very ugly thing basks in the mutagenic energy from its kin and changes!
You block the caustic shrike's attack.
An orb of destruction comes into view.
The caustic shrike claws you!
* * * LOW HITPOINT WARNING * * *
You are splashed with acid!
* * * LOW HITPOINT WARNING * * *
The caustic shrike barely misses you. You block the caustic shrike's attack.
The fire dragon breathes flames at you. The blast of flame hits you!!
You resist.
You die...

≈...##....b.##8#.# ≈≈V
####........# ≈≈..
######.#.# ≈...#######
#∩#.# .........#####b#.#
... #.......##...b..#.####
.... #.......##b##8........
.... #.......##b##.........
.....#.u..b@.##.##.........
.....#?uuu*b.##.##.........
......§u..uL....##.........
.....u§Du....#########.....
#....(§§###### .###.
###.#.#§# .# .. #§# #. #§#
# #§#


You could see Boris, 2 caustic shrikes, 6 very ugly things, a fire dragon and 2
ugly things.

Vanquished Creatures
  Boris (Depths:4)
  3 caustic shrikes
  2 bone dragons (Abyss:4)
  Rupert (Spider:1)
  2 liches (Depths:4)
  A titan (Depths:4)
  Gastronok (D:9)
  2 sphinxes (Depths:4)
  A shadow dragon (Depths:4)
  2 storm dragons (Depths:4)
  2 tengu reavers
  A draconian monk (Abyss:4)
  2 ghost moths
  2 fire giants
  An orc warlord (Orc:2)
  2 deep elf sorcerers
  Louise (Depths:2)
  3 frost giants (Depths:4)
  2 balrugs
  6 emperor scorpions
  A deep elf elementalist (Depths:3)
  4 entropy weavers
  15 very ugly things
  A spriggan defender (Depths:4)
  9 stone giants
  Nessos (D:15)
  2 vampire knights
  A red draconian (Abyss:4)
  10 spark wasps
  A minotaur (Gauntlet)
  A merfolk javelineer (Shoals:1)
  A death ooze (Gauntlet)
  4 ettins
  4 yaktaur captains
  4 fire dragons
  11 merfolk impalers
  5 great orbs of eyes
  The ghost of Laan the Cleaver, a journeyman GrFi of Okawaru (Lair:3)
  4 rakshasas
  A spriggan air mage (Depths:3)
  5 ice dragons
  5 hydras
  5 vault guards (D:13)
  An alligator (Shoals:2)
  3 merfolk avatars
  A shambling mangrove (Lair:6)
  8 centaur warriors
  6 merfolk aquamancers (Shoals:4)
  3 alligator snapping turtles
  23 two-headed ogres
  7 ogre magi
  4 death scarabs (Spider:4)
  5 tengu warriors
  8 deep troll shamans
  2 satyrs
  Urug (Orc:2)
  A vampire mage (Depths:4)
  7 thrashing horrors
  6 deep troll earth magi
  Sonja (Orc:1)
  Nergalle (Lair:2)
  2 orc high priests
  2 spriggan berserkers
  3 hell hogs (Abyss:4)
  A wretched star (Abyss:4)
  4 sun demons
  4 unseen horrors
  19 deep trolls
  3 shadow wraiths (Depths:3)
  A deep elf knight (D:15)
  A sixfirhy (Gauntlet)
  A spatial maelstrom (Abyss:4)
  25 hell knights
  3 iron trolls
  3 glowing orange brains
  18 sea snakes
  A starcursed mass (Abyss:4)
  4 wizards
  4 flayed ghosts (Depths:3)
  3 large abominations (Abyss:4)
  4 phantasmal warriors (Depths:3)
  30 harpies
  2 spectral wolf spiders (Spider:4)
  3 necromancers
  4 orc knights
  16 orb spiders
  A deep elf mage (D:14)
  A wolf spider zombie (D:15)
  33 ugly things
  30 wolf spiders
  10 fauns
  18 manticores
  9 orc sorcerers
  4 moths of wrath
  A worldbinder (Abyss:4)
  3 cyclopes
  8 merfolk sirens
  2 salamanders (Depths:3)
  4 elephants (Lair:6)
  An apocalypse crab (Abyss:4)
  5 ice statues (IceCv)
  9 water nymphs
  Maurice (D:13)
  An orange demon (Lair:6)
  A black mamba (Lair:4)
  A centaur zombie (D:13)
  11 spiny frogs
  3 torpor snails
  3 gargoyles
  3 centaur skeletons
  16 komodo dragons
  An efreet (Abyss:4)
  6 redback zombies (Spider:4)
  A komodo dragon (shapeshifter) (Depths:4)
  11 yaktaurs
  A yaktaur (shapeshifter) (D:15)
  2 spectral redbacks (Spider:4)
  2 freezing wraiths (Depths:3)
  8 demonic crawlers
  An anaconda simulacrum (IceCv)
  7 rime drakes
  2 red devils
  7 tengu conjurers
  3 ice devils (Lair:6)
  A polar bear (Lair:5)
  An ancient zyme (Abyss:4)
  37 jumping spiders
  24 merfolk
  3 hellwings
  A wandering mushroom (Lair:6)
  5 trolls
  6 hornets
  20 blink frogs
  2 spectral jumping spiders (Spider:4)
  2 spectral tarantellas (Spider:4)
  26 slime creatures
  5 jumping spider zombies (Spider:4)
  11 snapping turtles
  6 wind drakes
  2 dream sheep (Shoals:1)
  2 tarantella zombies (Spider:4)
  7 hippogriffs
  A dream sheep (shapeshifter) (Depths:2)
  20 water elementals
  A wyvern (shapeshifter) (Depths:3)
  61 redbacks
  A shadow (D:14)
  35 tarantellas
  2 vampires
  3 wyverns
  3 wraiths
  2 hungry ghosts (D:10)
  A basilisk (Lair:5)
  2 fire bats (Depths:3)
  25 yaks
  A fire elemental (Depths:3)
  A basilisk (shapeshifter) (Depths:3)
  2 dire elephant simulacra (IceCv)
  A human (D:8)
  2 vampire mosquitoes (D:14)
  A harpy simulacrum (IceCv)
  5 neqoxecs (Abyss:4)
  A warg (Orc:1)
  An iron troll simulacrum (IceCv)
  14 water moccasins
  4 hell hounds (Lair:6)
  8 small abominations
  A floating eye (Depths:1)
  8 porcupines
  4 hydra simulacra (IceCv)
  A black bear (shapeshifter) (D:15)
  A spectral hornet (Spider:4)
  25 orc warriors
  8 sky beasts
  A black bear (D:10)
  9 ice beasts
  2 hornet zombies (Spider:4)
  An eye of draining (D:12)
  2 phantoms
  5 centaurs
  7 boggarts
  5 wolves (Lair:4)
  19 ogres
  10 crocodiles
  2 big kobolds
  12 bullfrogs
  2 wyvern zombies
  6 scorpions
  4 troll zombies (D:10)
  6 killer bees
  6 electric eels
  11 crimson imps
  A bullfrog zombie (D:13)
  6 howler monkeys
  Crazy Yiuf (D:2)
  2 bullfrog skeletons
  A quasit (D:15)
  3 jellies
  7 hounds
  31 orc priests
  24 orc wizards
  Ijyb (D:3)
  An iron imp (Abyss:4)
  Jessica (D:2)
  An iguana (D:6)
  8 worker ants
  2 killer bee zombies
  2 ogre zombies (D:10)
  A hound zombie (D:8)
  A howler monkey skeleton (D:6)
  A worker ant zombie (D:10)
  Robin (D:2)
  7 gnolls
  13 adders
  5 shadow imps
  2 ufetubi (Gauntlet)
  3 oozes
  2 adder skeletons
  3 worms (D:4)
  5 dart slugs
  2 leopard geckos
  89 orcs
  9 bats
  5 giant cockroaches
  11 hobgoblins
  6 jackals
  5 quokkas
  A ball python (D:4)
  5 frilled lizards
  14 goblins
  A goblin skeleton (D:10)
  2 goblin zombies (D:10)
  A hobgoblin skeleton (D:10)
  A hobgoblin zombie (D:10)
  13 kobolds
  14 orc zombies (D:10)
  3 rats
  A fire vortex (Depths:3)
  A fungus (Lair:6)
  13 plants
1464 creatures vanquished.

Vanquished Creatures (collateral kills)
  An orc warlord (Orc:2)
  An emperor scorpion (Spider:4)
  The ghost of Bolleh the Thaumaturge, a journeyman GnSk of Makhleb (Spider:4)
  A merfolk javelineer (Shoals:4)
  A merfolk impaler (Shoals:4)
  4 death scarabs (Spider:4)
  2 spectral wolf spiders (Spider:4)
  An orc knight (Orc:2)
  A wolf spider (Spider:4)
  A harpy (Shoals:4)
  2 wolf spider zombies (Spider:4)
  An orc sorcerer (Orc:2)
  A cyclops (Orc:2)
  A merfolk siren (Shoals:4)
  A water nymph (Shoals:4)
  A jumping spider (Spider:4)
  2 merfolk (Shoals:4)
  2 wind drakes (Shoals:4)
  A redback (Spider:4)
  An orc warrior (Orc:2)
  2 ogres (Orc:2)
  An orc priest (Orc:2)
  An orc wizard (Orc:2)
31 creatures vanquished.

Vanquished Creatures (others)
  A fire giant (Depths:2)
  A merfolk javelineer (Depths:3)
  Snorg (Lair:6)
  A yaktaur captain (Depths:1)
  A satyr (Shoals:4)
  A centaur warrior (D:15)
  A deep troll earth mage (Depths:3)
  A sea snake (Shoals:3)
  2 manticores
  4 yaktaurs
  A wandering mushroom (Lair:6)
  A jumping spider (Spider:4)
  A water moccasin (Lair:6)
  2 orc warriors (Orc:2)
  5 centaurs
  A demonic plant (Gauntlet)
  11 fungi
  12 plants
48 creatures vanquished.

Grand Total: 1543 creatures vanquished

Notes
Turn   | Place    | Note
-------+----------+-------------------------------------------
     0 | D:1      | Laan the Gargoyle Fighter began the quest for the Orb.
     0 | D:1      | Reached XP level 1. HP: 14/14 MP: 1/1
    34 | D:1      | Reached skill level 2 in Axes
    41 | D:1      | Reached XP level 2. HP: 18/19 MP: 2/2
   234 | D:1      | Reached XP level 3. HP: 23/23 MP: 3/3
   600 | D:2      | Found an opulent altar of Gozag.
   600 | D:2      | Noticed Jessica
   606 | D:2      | Killed Jessica
   606 | D:2      | Reached XP level 4. HP: 29/29 MP: 4/4
   658 | D:2      | Noticed Robin
   806 | D:2      | Killed Robin
   806 | D:2      | Reached skill level 3 in Axes
   899 | D:2      | Found a snail-covered altar of Cheibriados.
  1105 | D:2      | Found a runed translucent door.
  1106 | D:2      | Noticed Crazy Yiuf
  1113 | D:2      | Killed Crazy Yiuf
  1113 | D:2      | Reached XP level 5. HP: 10/33 MP: 5/5
  1530 | D:3      | Noticed Ijyb
  1552 | D:3      | Killed Ijyb
  1806 | D:3      | Found a white marble altar of Elyvilon.
  1978 | D:3      | Found a burning altar of Makhleb.
  2067 | D:4      | Reached XP level 6. HP: 25/38 MP: 6/6
  2276 | D:4      | Found a stormy altar of Qazlal.
  2420 | D:4      | Reached skill level 4 in Axes
  2540 | D:4      | Found Qaokkini's Lightly-Used Armoury.
  3124 | D:5      | Entered Level 5 of the Dungeon
  3124 | D:5      | Noticed a sky beast
  3124 | D:5      | Noticed a sky beast
  3140 | D:5      | Killed a sky beast
  3140 | D:5      | Reached XP level 7. HP: 42/44 MP: 7/7
  3245 | D:5      | Found a staircase to the Ecumenical Temple.
  3268 | Temple   | Entered the Ecumenical Temple
  3423 | Temple   | Became a worshipper of the Shining One
  3464 | D:5      | Reached skill level 5 in Armour
  3561 | D:5      | Reached skill level 5 in Fighting
  3561 | D:5      | Reached skill level 5 in Shields
  3637 | D:5      | Reached skill level 5 in Axes
  4047 | D:5      | Reached XP level 8. HP: 50/50 MP: 8/8
  4597 | D:6      | Reached * piety under the Shining One
  4932 | D:6      | Reached skill level 6 in Axes
  5183 | D:7      | Reached XP level 9. HP: 56/56 MP: 9/9
  5299 | D:7      | Reached skill level 7 in Axes
  5668 | D:8      | Found a hazy altar of Hepliaklqana.
  5722 | D:8      | Noticed a two-headed ogre
  5731 | D:8      | Killed a two-headed ogre
  5731 | D:8      | Reached skill level 8 in Axes
  5738 | D:8      | Found a blossoming altar of Fedhas.
  5809 | D:8      | Found a bloodstained altar of Trog.
  5820 | D:8      | Noticed a two-headed ogre
  5820 | D:8      | Reached ** piety under the Shining One
  5826 | D:8      | Killed a two-headed ogre
  5826 | D:8      | Reached XP level 10. HP: 61/64 MP: 10/10
  5861 | D:8      | Noticed a two-headed ogre
  5881 | D:8      | HP: 3/64 [two-headed ogre/+0 giant club (17)]
  5888 | D:8      | Killed a two-headed ogre
  6233 | D:8      | Found a shimmering altar of Xom.
  6348 | D:8      | Reached skill level 9 in Axes
  6396 | D:8      | Found a sparkling altar of Nemelex Xobeh.
  6492 | D:8      | Found a deep blue altar of Sif Muna.
  6492 | D:8      | Found a sacrificial altar of Ru.
  7092 | D:9      | Found a staircase to the Lair.
  7202 | D:9      | Noticed Gastronok
  7230 | D:9      | Killed Gastronok
  7230 | D:9      | Reached XP level 11. HP: 43/71 MP: 11/11
  7303 | Lair:1   | Entered Level 1 of the Lair of Beasts
  7329 | Lair:1   | Reached skill level 10 in Axes
  8587 | Lair:2   | Reached *** piety under the Shining One
  8743 | Lair:2   | Noticed Nergalle
  8758 | Lair:2   | Killed Nergalle
  8758 | Lair:2   | Reached skill level 11 in Axes
  8931 | Lair:2   | Noticed an oklob plant
  9222 | Lair:3   | Reached XP level 12. HP: 67/77 MP: 12/12
  9260 | Lair:3   | Found a runed translucent door.
  9262 | Lair:3   | Noticed Laan's ghost (journeyman GrFi)
  9329 | Lair:3   | Killed Laan's ghost
  9329 | Lair:3   | Reached skill level 10 in Fighting
  9329 | Lair:3   | Reached skill level 10 in Armour
  9329 | Lair:3   | Reached skill level 10 in Shields
  9329 | Lair:3   | Reached skill level 1 in Invocations
  9374 | Lair:3   | Found a gate leading to a gauntlet.
  9394 | Gauntlet | Entered a Gauntlet
  9394 | Gauntlet | Found a transporter.
  9394 | Gauntlet | Noticed a death ooze
  9401 | Gauntlet | Found a transporter.
  9403 | Gauntlet | Found a transporter.
  9428 | Gauntlet | Found a transporter.
  9436 | Gauntlet | Found a transporter.
  9438 | Gauntlet | Found a transporter.
  9444 | Gauntlet | Noticed a dire elephant
  9449 | Gauntlet | Found a transporter.
  9459 | Gauntlet | Noticed a death scarab
  9462 | Gauntlet | Found a transporter.
  9472 | Gauntlet | Found a transporter.
  9477 | Gauntlet | Noticed a thrashing horror
  9479 | Gauntlet | Noticed a thrashing horror
  9481 | Gauntlet | Found a runed translucent gate.
  9482 | Gauntlet | Found a transporter.
  9482 | Gauntlet | Found a runed translucent gate.
  9483 | Gauntlet | Found a runed translucent gate.
  9487 | Gauntlet | Found a transporter.
  9487 | Gauntlet | Found a transporter.
  9489 | Gauntlet | Found a transporter.
  9569 | Gauntlet | Killed a death ooze
  9603 | Gauntlet | Reached **** piety under the Shining One
  9657 | Gauntlet | Found a transporter.
  9657 | Gauntlet | Noticed a death scarab
  9669 | Gauntlet | Killed a thrashing horror
  9676 | Gauntlet | Killed a thrashing horror
  9681 | Gauntlet | Got an ancient emerald amulet
  9698 | Gauntlet | Noticed a minotaur
  9717 | Gauntlet | Killed a minotaur
  9732 | Gauntlet | Identified Sif Muna's Grimoire of Lucky Translocation
  9923 | Lair:3   | Identified the Reference Book on Glacial Stolen Souls
 10247 | Lair:3   | Found a staircase to the Shoals.
 10576 | Lair:4   | Reached skill level 12 in Axes
 10887 | Lair:4   | Found a hole to the Spider Nest.
 10904 | Lair:4   | Reached XP level 13. HP: 81/84 MP: 16/16
 11795 | Lair:4   | Identified the amulet "Ygiudduh" {Faith rF+} (You found it
                  | in a Gauntlet)
 12567 | Lair:5   | Reached skill level 5 in Invocations
 13298 | Lair:6   | Entered Level 6 of the Lair of Beasts
 13360 | Lair:6   | Killed Snorg
 13645 | Lair:6   | Reached ***** piety under the Shining One
 13790 | Lair:6   | Found a staircase to the Slime Pits.
 13935 | Lair:6   | Reached skill level 13 in Axes
 13966 | Lair:6   | Found a burning altar of Makhleb.
 13990 | Lair:6   | HP: 2/84 [sun demon (10)]
 14646 | Lair:6   | Gained mutation: Your large and strong wings let you fly
                  | indefinitely. [Gargoyle growth]
 14646 | Lair:6   | Reached XP level 14. HP: 91/91 MP: 18/18
 14666 | Lair:6   | Found a gateway to Hell.
 15466 | D:10     | Entered Level 10 of the Dungeon
 15710 | D:10     | Found a staircase to the Orcish Mines.
 15715 | D:10     | Reached ****** piety under the Shining One
 15766 | D:10     | Identified a +2 broad axe of holy wrath (a +0 broad axe
                  | blessed by the Shining One)
 15766 | D:10     | Received a gift from the Shining One
 18050 | D:13     | Found a basalt altar of Yredelemnul.
 18073 | D:13     | Noticed Maurice
 18079 | D:13     | Killed Maurice
 18120 | D:13     | Reached skill level 14 in Axes
 18307 | D:13     | Found a gate to the Vaults.
 18357 | D:13     | Found a runed translucent door.
 18464 | D:13     | Reached XP level 15. HP: 97/97 MP: 21/21
 18523 | D:13     | Found a roughly hewn altar of Beogh.
 18900 | D:13     | Identified 2 scrolls of acquirement
 18950 | D:14     | Found Joweol's Gadget Emporium.
 19207 | D:14     | Found a sparkling altar of Nemelex Xobeh.
 19211 | D:14     | Found Ici Uqer's Antique Armour Emporium.
 19246 | D:14     | Bought a runed shield for 142 gold pieces
 19246 | D:14     | Bought a glowing chain mail for 142 gold pieces
 19553 | D:14     | Found Gonkello's Assorted Antiques.
 19560 | D:14     | Bought a scroll of enchant armour for 172 gold pieces
 19560 | D:14     | Bought a potion of might for 92 gold pieces
 19953 | D:15     | Entered Level 15 of the Dungeon
 20348 | D:15     | Found a staircase to the Depths.
 20933 | D:15     | Reached skill level 15 in Axes
 21423 | D:15     | Noticed Nessos
 21428 | D:15     | Killed Nessos
 21667 | Spider:1 | Entered Level 1 of the Spider Nest
 21797 | Spider:1 | Reached XP level 16. HP: 100/104 MP: 23/23
 21949 | Spider:1 | Noticed Rupert
 21965 | Spider:1 | Killed Rupert
 22186 | Spider:1 | Found a frozen archway.
 22193 | IceCv    | Entered an ice cave
 22307 | IceCv    | Reached skill level 10 in Invocations
 24198 | Spider:3 | Reached skill level 16 in Axes
 24585 | Spider:3 | Reached XP level 17. HP: 93/111 MP: 25/25
 25256 | Spider:4 | Entered Level 4 of the Spider Nest
 25322 | Spider:4 | Found a runed translucent gate.
 25322 | Spider:4 | Found a runed translucent gate.
 25339 | Spider:4 | Found a runed translucent gate.
 25536 | Spider:4 | Noticed Bolleh's ghost (journeyman GnSk)
 26581 | Spider:4 | Got a gossamer rune of Zot
 26705 | Spider:4 | Killed Bolleh's ghost
 26745 | Spider:4 | Got a shimmering hat
 26748 | Spider:4 | Identified the +1 hat of the Vacuum {Str+8 Stlth+} (You
                  | found it on level 4 of the Spider Nest)
 26923 | Shoals:1 | Entered Level 1 of the Shoals
 26934 | Shoals:1 | Reached skill level 17 in Axes
 26934 | Shoals:1 | Reached XP level 18. HP: 104/118 MP: 26/26
 27181 | Shoals:1 | Found a snail-covered altar of Cheibriados.
 27840 | Shoals:2 | Reached skill level 15 in Armour
 27840 | Shoals:2 | Reached skill level 15 in Fighting
 28003 | Shoals:2 | Reached skill level 15 in Shields
 29377 | Shoals:4 | Entered Level 4 of the Shoals
 29747 | Shoals:4 | Reached XP level 19. HP: 112/124 MP: 28/28
 29782 | Shoals:4 | The Shining One protects you from harm!
 30339 | Shoals:4 | Reached skill level 18 in Axes
 30871 | Shoals:4 | Got a barnacled rune of Zot
 31494 | Orc:1    | Entered Level 1 of the Orcish Mines
 31502 | Orc:1    | Noticed Sonja
 31513 | Orc:1    | Killed Sonja
 31727 | Orc:2    | Entered Level 2 of the Orcish Mines
 31794 | Orc:2    | Found a staircase to the Elven Halls.
 31929 | Orc:2    | Noticed Urug
 31952 | Orc:2    | Killed Urug
 31998 | Orc:2    | Found a roughly hewn altar of Beogh.
 32015 | Orc:2    | Found Rurubu's Jewellery Emporium.
 32020 | Orc:2    | Found Wimauc's Antique Weapon Emporium.
 32123 | Orc:2    | Found Aguzer's Antique Armour Emporium.
 32251 | Orc:2    | Found Haneguxt's General Store.
 32258 | Orc:2    | Bought the +10 chain mail "Jiul" {rC++ Regen+ MP-9 SInv}
                  | for 835 gold pieces
 33001 | Depths:1 | Entered Level 1 of the Depths
 33038 | Depths:1 | Found a transporter.
 33367 | Depths:1 | Found a transporter.
 33809 | Depths:1 | Noticed a lich
 33811 | Depths:1 | Paralysed by a floating eye for 4 turns
 33811 | Depths:1 | Cast into level 4 of the Abyss (the power of Zot)
 33849 | Abyss:4  | Reached XP level 20. HP: 112/131 MP: 21/30
 34000 | Abyss:4  | Noticed a bone dragon
 34009 | Abyss:4  | Killed a bone dragon
 34011 | Depths:1 | Escaped the Abyss
 34055 | Depths:1 | Got a vibrating tin ring
 34066 | Depths:1 | Got a shimmering garnet amulet
 34074 | Depths:1 | Identified the ring of the Open Hand {+Blink MP+9 Dex+2
                  | SInv Stlth-} (You found it on level 1 of the Depths)
 34075 | Depths:1 | Identified the amulet "Qeqal" {Gourm MP-9 Str+6} (You found
                  | it on level 1 of the Depths)
 34436 | Depths:2 | Found a glowing golden altar of the Shining One.
 34505 | Depths:2 | Reached skill level 19 in Axes
 35162 | Depths:2 | Noticed Louise
 35173 | Depths:2 | Killed Louise
 35177 | Depths:2 | Found a one-way gate to the infinite horrors of the Abyss.
 35692 | Depths:3 | Reached XP level 21. HP: 111/138 MP: 22/31
 36699 | Depths:3 | Found a one-way gate leading to the halls of Pandemonium.
 36822 | Depths:4 | Noticed Boris
 36834 | Depths:4 | Killed Boris
 36872 | Depths:4 | Found Dim Bore's Food Boutique.
 36875 | Depths:4 | Bought a ration for 60 gold pieces
 36875 | Depths:4 | Bought a ration for 60 gold pieces
 36875 | Depths:4 | Bought a ration for 60 gold pieces
 36875 | Depths:4 | Bought a ration for 60 gold pieces
 36875 | Depths:4 | Bought a ration for 60 gold pieces
 36875 | Depths:4 | Bought a ration for 60 gold pieces
 36875 | Depths:4 | Bought a ration for 60 gold pieces
 36875 | Depths:4 | Bought a ration for 60 gold pieces
 36875 | Depths:4 | Bought a ration for 60 gold pieces
 36971 | Depths:4 | Paralysed by a sphinx for 3 turns
 36972 | Depths:4 | Noticed a caustic shrike
 36995 | Depths:4 | Killed a caustic shrike
 36995 | Depths:4 | Reached skill level 15 in Invocations
 37313 | Depths:4 | Reached skill level 20 in Axes
 37417 | Depths:4 | Cast into level 4 of the Abyss (a lich)
 37507 | Abyss:4  | Noticed a bone dragon
 37518 | Abyss:4  | Killed a bone dragon
 37518 | Abyss:4  | Reached XP level 22. HP: 83/145 MP: 24/33
 37545 | Depths:4 | Escaped the Abyss
 37640 | Depths:4 | Found a corrupted altar of Lugonu.
 38028 | Depths:4 | Found a runed translucent gate.
 38040 | Depths:4 | Found a runed translucent gate.
 38091 | Depths:4 | Noticed a caustic shrike
 38106 | Depths:4 | Killed a caustic shrike
 38112 | Depths:4 | You are sucked into a shaft!
 38112 | Depths:5 | Entered Level 5 of the Depths
 38112 | Depths:5 | Found Lemeqy's Antique Armour Shop.
 38289 | Depths:5 | Bought a pair of polished boots for 294 gold pieces
 38289 | Depths:5 | Bought a pair of steaming boots for 294 gold pieces
 38289 | Depths:5 | Bought a slimy cloak for 294 gold pieces
 38289 | Depths:5 | Identified the +2 pair of boots of Puaw {rF+} (You bought
                  | it in a shop on level 5 of the Depths)
 38301 | Depths:5 | Identified the +2 pair of boots of Tender Moments {rPois
                  | Str+4 Int-3 Slay+3} (You bought it in a shop on level 5 of
                  | the Depths)
 38303 | Depths:5 | Identified the +0 cloak of the Unbroken {Slay+4} (You
                  | bought it in a shop on level 5 of the Depths)
 38316 | Depths:5 | Noticed a caustic shrike
 38316 | Depths:5 | Noticed a caustic shrike
 38317 | Depths:5 | Noticed a caustic shrike
 38317 | Depths:5 | Noticed a caustic shrike
 38318 | Depths:5 | Noticed a caustic shrike
 38323 | Depths:5 | Killed a caustic shrike
 38338 | Depths:5 | Noticed Boris
 38344 | Depths:5 | Found a shattered altar of Ashenzari.
 38358 | Depths:5 | HP: 6/146 [acid (9)]
 38358 | Depths:5 | Killed from afar by a fire dragon

Skill      XL: |  1  2  3  4  5  6  7  8  9 10 11 12 13 14 15 16 17 18 19 20 21 |
---------------+----------------------------------------------------------------+-----
Axes           | 2 3 4 5 6 8 9 11 12 13 14 15 16 17 18 19 20 | 20.3
Armour         | 4 5 6 7 9 10 11 12 13 14 15 16 17 | 17.7
Shields        | 4 5 6 7 8 9 10 11 12 13 14 15 16 17 | 17.6
Fighting       | 4 5 6 7 9 10 11 12 13 14 15 16 17 | 17.7
Invocations    | 4 6 8 9 10 11 12 13 14 15 | 15.5

Action                   |  1- 3 |  4- 6 |  7- 9 | 10-12 | 13-15 | 16-18 | 19-21 | 22-24 || total
-------------------------+-------+-------+-------+-------+-------+-------+-------+-------++-------
Melee: War axe           |    80 |   163 |   240 |   483 |   148 |       |       |       ||  1114
       Broad axe         |       |       |       |       |   734 |   971 |  1222 |    94 ||  3021
       Trident           |       |       |       |       |    13 |       |       |       ||    13
Invok: Brand Weapon With |       |       |       |       |     1 |       |       |       ||     1
       Summon Divine War |       |       |       |       |       |     3 |     2 |       ||     5
       Divine Shield     |       |       |       |       |       |     3 |     1 |       ||     4
       Cleansing Flame   |       |       |       |       |       |       |     1 |       ||     1
 Abil: Fly               |       |       |       |       |     1 |       |       |       ||     1
Evoke: Wand              |       |       |    11 |     4 |    13 |       |     1 |       ||    29
  Use: Potion            |       |     1 |       |    11 |     5 |     9 |    12 |     1 ||    39
       Scroll            |       |       |       |    13 |    24 |     7 |    11 |    11 ||    66
  Eat: Chunk             |       |     7 |    10 |    13 |    21 |     9 |    16 |     3 ||    79
       Ration            |       |       |       |     1 |     6 |     4 |     3 |       ||    14
Armor: Scale mail        |    46 |    75 |       |       |       |       |       |       ||   121
       Ring mail         |       |    44 |    92 |    10 |       |       |       |       ||   146
       Plate armour      |       |       |       |   220 |   300 |       |       |       ||   520
       Chain mail        |       |       |       |       |   101 |   650 |   572 |    67 ||  1390
Dodge: Dodged            |    30 |    54 |    58 |   118 |   225 |   331 |   298 |    22 ||  1136
       Deflected         |       |       |       |       |       |    13 |    19 |     1 ||    33
Block: Shield            |    52 |    95 |   131 |   306 |   633 |  1158 |  1079 |   114 ||  3568
       Reflection        |       |       |     9 |     3 |    25 |    52 |    83 |     5 ||   177
